[Event "Early-Titled-Tuesday-Blitz-February-06-2024"]
[Site "Chess.com"]
[Date "2024.02.06"]
[Round "2"]
[White "artin10862"]
[Black "FREDERICKtheMATE"]
[Result "0-1"]
[WhiteElo "2949"]
[BlackElo "2649"]
[TimeControl "180+1"]
[EndTime "8:17:16 PST"]
[Termination "FREDERICKtheMATE won by resignation"]

1. Nf3 Nf6 2. g3 g6 3. Bg2 Bg7 4. d4 d5 5. O-O O-O 6. c4 dxc4 7. Na3 c5 8. Nxc4 cxd4 9. Nxd4 Qc7 10. b3 Nfd7 11. Bb2 Nb6 12. Rc1 Nxc4 13. Rxc4 Qb6 14. Qc2 Bd7 15. Ba3 Bxd4 16. Rxd4 Qxd4 17. Bxb7 Bc6 18. Bxc6 Rc8 19. Bb2 Rxc6 20. Qxc6 Nxc6 21. Bxd4 Nxd4 22. e3 Nb5 23. Rc1 Kf8 24. Rc5 Nd6 25. Rc7 a5 26. Kg2 a4 27. bxa4 Rxa4 28. Rc2 Kg7 29.
h3 h5 30. f3 Ra3 31. Kf2 Nf5 32. Re2 e5 33. g4 hxg4 34. hxg4 Nd6 35. Rc2 Kf6 36.
Ke2 Ke6 37. Kd2 Kd5 38. Ke2 Nc4 39. Kf2 Nxe3 40. Rc7 Ke6 41. Rc6+ Ke7 42. Rc5 Kd6 43. Rb5 Nc4 44. Rb7 Rxa2+ 45. Kg3 Ke6 46. Rc7 Nd6 47. Rc6 Ra3 48. Kf2 f5 49. gxf5+ gxf5 50. Rc5 f4 51. Ke2 Nf5 52. Rc6+ Kd5 53. Rd6+ 0-1

[Event "Early-Titled-Tuesday-Blitz-February-06-2024"]
[Site "Chess.com"]
[Date "2024.02.06"]
[Round "2"]
[White "SahibSinghKnight"]
[Black "shimastream"]
[Result "0-1"]
[WhiteElo "2649"]
[BlackElo "3029"]
[TimeControl "180+1"]
[EndTime "8:17:18 PST"]
[Termination "shimastream won by resignation"]

1. e4 d5 2. exd5 Qxd5 3. Nc3 Qe5+ 4. Be2 Bg4 5. d4 Bxe2 6. Ngxe2 Qa5 7. O-O Nf6 8. a4 Nc6 9. Nb5 a6 10. Bd2 Qb6 11.
Na3 Nxd4 12. Be3 Nxe2+ 13. Qxe2 Qc6 14. Rad1 e6 15. Nc4 Qxa4 16. Rd4 Qb5 17. Ra1 Qh5 18.
g4 Qh3 19. Bg5 Be7 20. Ne5 h6 21. Rd3 hxg5 22. Rxh3 Rxh3 23. f3 Bd6 24. Kg2 Nd5 25. Qe4 Nf4+ 26. Kg1 Ke7 27. Qxb7 Rah8 28. Nc6+ Kf6 29.
Qa7 Rxh2 30. Rxa6 Rg2+ 31. Kf1 Rh1+ 0-1

[Event "Early-Titled-Tuesday-Blitz-February-06-2024"]
[Site "Chess.com"]
[Date "2024.02.06"]
[Round "2"]
[White "GoValya"]
[Black "goodwilll"]
[Result "0-1"]
[WhiteElo "2276"]
[BlackElo "2500"]
[TimeControl "180+1"]
[EndTime "8:17:18 PST"]
[Termination "goodwilll won on time"]

1. d4 d5 2. g3 Nf6 3. Bg2 c6 4. c4 e6 5. Nf3 dxc4 6. O-O b5 7. Ne5 Bb7 8. Nc3 Nd5 9. e4 Nxc3 10. bxc3 Nd7 11. f4 Be7 12. Rb1 Qc7 13. Nxf7 Kxf7 14. f5 e5 15. d5 Bc5+ 16. Kh1 Nf6 17. g4 h6 18. g5 hxg5 19. Bxg5 Rad8 20. Qe2 cxd5 21.
Rxb5 Nxe4 22. Bxe4 dxe4 23. Be3 Bb6 24. Bxb6 axb6 25.
Kg1 Rh6 26. Qg4 e3 0-1

[Event "Early-Titled-Tuesday-Blitz-February-06-2024"]
[Site "Chess.com"]
[Date "2024.02.06"]
[Round "2"]
[White "Ariadna_Atreides"]
[Black "iJueles"]
[Result "0-1"]
[WhiteElo "2186"]
[BlackElo "2454"]
[TimeControl "180+1"]
[EndTime "8:17:19 PST"]
[Termination "iJueles won on time"]

1. d4 Nf6 2. Nf3 e6 3. e3 b6 4. Bd3 Bb7 5. Nbd2 c5 6. b3 Nc6 7. Bb2 Be7 8. O-O d6 9. c4 O-O 10. Rc1 Qc7 11. Bb1 Rfd8 12. Ng5 h6 13. Nge4 Nxe4 14.
Nxe4 f5 15. d5 fxe4 16. dxc6 Bxc6 17. Qg4 Bf8 18. Qxe6+ Qf7 19. Qg4 Re8 20. Rcd1 Rad8 21. a3 Re6 22. f4 exf3 23. gxf3 Rxe3 24. Be4 Bxe4 25. fxe4 Qd7 26. Qg6 Rxb3 27. Rxf8+ Kxf8 28. Rf1+ Kg8 29. Ba1 Rxa3 30. e5 Rxa1 31. Rxa1 dxe5 32. Rf1 Qd4+ 0-1

[Event "Early-Titled-Tuesday-Blitz-February-06-2024"]
[Site "Chess.com"]
[Date "2024.02.06"]
[Round "2"]
[White "PabloZarnicki"]
[Black "FGHSMN"]
[Result "0-1"]
[WhiteElo "2619"]
[BlackElo "2932"]
[TimeControl "180+1"]
[EndTime "8:17:20 PST"]
[Termination "FGHSMN won on time"]

1. e4 e5 2. Nf3 Nc6 3. Nc3 Nf6 4. d4 exd4 5. Nxd4 Bb4 6. Nxc6 bxc6 7. Bd3 O-O 8. O-O Re8 9. Bg5 h6 10. Bh4 d6 11.
Re1 Qe7 12. h3 Qe5 13. Qd2 Nh5 14. a3 Ba5 15. Be2 Nf4 16. Bg3 Bxc3 17. bxc3 Nxe2+ 18. Rxe2 Qe7 19. e5 d5 20. Rae1 Be6 21. Qf4 Qxa3 22. Re3 Qe7 23. Bh4 g5 24. Rg3 Kf8 25.
Rxg5 hxg5 26. Bxg5 f6 27. Bxf6 Qh7 28. Re3 Kf7 29.
Rf3 Rg8 30. Bh4+ Ke8 31. Qf6 Kd7 0-1

[Event "Early-Titled-Tuesday-Blitz-February-06-2024"]
[Site "Chess.com"]
[Date "2024.02.06"]
[Round "2"]
[White "PawnEatingZombie"]
[Black "atalz0"]
[Result "0-1"]
[WhiteElo "2209"]
[BlackElo "2470"]
[TimeControl "180+1"]
[EndTime "8:17:21 PST"]
[Termination "atalz0 won by resignation"]

1. e4 d5 2. exd5 Nf6 3. Bb5+ Bd7 4. Bc4 Bg4 5. f3 Bc8 6. Nc3 Nbd7 7. Nge2 Nb6 8. Bb5+ Bd7 9. Bxd7+ Qxd7 10. d3 Nbxd5 11.
Nxd5 Nxd5 12. Nc3 g6 13. Bd2 Bg7 14. Qe2 O-O 15. O-O Rfe8 16. Kh1 Rad8 17. Rae1 c5 18. f4 e6 19. a3 b6 20. Qf3 Ne7 21. g4 Nc6 22.
Qg2 Nd4 23. Bc1 f5 24. h4 fxg4 25. Qxg4 Nxc2 26. Re2 Nd4 27. Rg2 Nf5 28. h5 Qxd3 29. hxg6 Qxf1+ 30. Kh2 hxg6 31. Qxg6 Re7 0-1

[Event "Early-Titled-Tuesday-Blitz-February-06-2024"]
[Site "Chess.com"]
[Date "2024.02.06"]
[Round "2"]
[White "Polish_fighter3000"]
[Black "Iskusnyh"]
[Result "1-0"]
[WhiteElo "3057"]
[BlackElo "2657"]
[TimeControl "180+1"]
[EndTime "8:17:22 PST"]
[Termination "Polish_fighter3000 won on time"]

1. e4 e6 2. d4 d5 3. Nd2 c5 4. Ngf3 cxd4 5. Nxd4 Nc6 6. Bb5 Bd7 7. Nxc6 bxc6 8. Bd3 Bd6 9. Qe2 Ne7 10. Nf3 Ng6 11. O-O O-O 12. c4 Nf4 13. Bxf4 Bxf4 14. Rad1 Qf6 15.
e5 Qe7 16. g3 Bh6 17. h4 Rfb8 18. Nh2 g6 19. h5 Bg7 20. Rfe1 a5 21. b3 a4 22. Bc2 axb3 23. Bxb3 Rb4 24. Rd4 c5 25.
Rh4 g5 26. Rg4 dxc4 27. Rxc4 Bb5 28. Qf3 Rb8 29. Rxb4 cxb4 30. Ng4 h6 31. Nf6+ Bxf6 32.
exf6 Qc5 33. Bxe6 1-0

[Event "Early-Titled-Tuesday-Blitz-February-06-2024"]
[Site "Chess.com"]
[Date "2024.02.06"]
[Round "2"]
[White "salomez"]
[Black "Jakuboss22005"]
[Result "0-1"]
[WhiteElo "2290"]
[BlackElo "2503"]
[TimeControl "180+1"]
[EndTime "8:17:22 PST"]
[Termination "Jakuboss22005 won by checkmate"]

1. e4 Nc6 2. Nf3 d5 3. exd5 Qxd5 4. Nc3 Qh5 5. Be2 Bg4 6. d3 e5 7. Be3 Bb4 8. O-O Nf6 9. h3 Bxf3 10. Bxf3 Qg6 11. Bxc6+ bxc6 12. Qf3 Nd7 13. Nb5 e4 14. Nxc7+ Kd8 15. dxe4 Kxc7 16. Bf4+ Kc8 17. Rfd1 Qe6 18. Rd3 Rd8 19. Rad1 Be7 20. Rc3 Nb6 21. Rxd8+ Kxd8 22.
e5 Rc8 23. Rd3+ Ke8 24. Qh5 h6 25. b3 Nd5 26. Bh2 Rd8 27. c4 Nc7 28. Rxd8+ Bxd8 29. Qd1 Qd7 30. Qe2 Ne6 31. Bg3 Bb6 32. Kh2 Qd4 33. f4 Qg1# 0-1

[Event "Early-Titled-Tuesday-Blitz-February-06-2024"]
[Site "Chess.com"]
[Date "2024.02.06"]
[Round "2"]
[White "bilosuvenosu06"]
[Black "severomorskij"]
[Result "0-1"]
[WhiteElo "2606"]
[BlackElo "2897"]
[TimeControl "180+1"]
[EndTime "8:17:23 PST"]
[Termination "severomorskij won on time"]

1. d4 Nf6 2. c4 c5 3. d5 b5 4. cxb5 a6 5. b6 g6 6. Nc3 Bg7 7. Nf3 O-O 8. e4 d6 9. Nd2 Nfd7 10. Bd3 Nxb6 11. O-O e6 12. Nc4 Nxc4 13. Bxc4 Kh8 14. Be3 Qe7 15. Qd2 Nd7 16. Rad1 e5 17. a3 f5 18. f3 f4 19. Bf2 g5 20. b4 cxb4 21. axb4 Nf6 22. Rfe1 g4 23. b5 g3 24. Bb6 gxh2+ 25.
Kxh2 axb5 26. Bxb5 Nh5 27. Bf2 Ng3 28. Bxg3 fxg3+ 29. Kxg3 Rg8 30. Kh2 Bf6 31. Ne2 Qg7 32. g4 Bxg4 33. Rg1 Bg5 0-1

[Event "Early-Titled-Tuesday-Blitz-February-06-2024"]
[Site "Chess.com"]
[Date "2024.02.06"]
[Round "2"]
[White "mbojan"]
[Black "biostatistician"]
[Result "1-0"]
[WhiteElo "2874"]
[BlackElo "2598"]
[TimeControl "180+1"]
[EndTime "8:17:23 PST"]
[Termination "mbojan won by resignation"]

1. a3 e5 2. e3 d5 3. d4 Nc6 4. Bb5 e4 5. c4 a6 6. Bxc6+ bxc6 7. Bd2 a5 8. Qa4 Bd7 9. c5 Qb8 10. Ra2 Nf6 11. Bxa5 Qa7 12. b4 Be7 13. Qd1 Bc8 14. Nc3 Ba6 15. f4 O-O 16. g4 Bd3 17. Rg2 Qb7 18.
Nge2 Qc8 19. f5 Nd7 20. Nf4 Bh4+ 21. Kd2 Rxa5 22. bxa5 Qa6 23. Qa4 Rb8 24. Kc1 Qb7 25. Qb4 Qa7 26. Nxd3 Rxb4 27. Nxb4 Qxa5 28. Kb2 Bf6 29.
Nxc6 Qa6 30. Nb4 Qc4 31. Rc1 h6 32. Ncxd5 Qb5 33. Nxc7 Qb7 34. Nd5 Qc8 35. c6 Nb8 36.
c7 Na6 37. Nxa6 Qb7+ 38. Nab4 1-0

[Event "Early-Titled-Tuesday-Blitz-February-06-2024"]
[Site "Chess.com"]
[Date "2024.02.06"]
[Round "2"]
[White "Grindaveci"]
[Black "Leonid_Starozhilov"]
[Result "0-1"]
[WhiteElo "2428"]
[BlackElo "2734"]
[TimeControl "180+1"]
[EndTime "8:17:23 PST"]
[Termination "Leonid_Starozhilov won by resignation"]

1. e4 g6 2. d4 Bg7 3. Nc3 d6 4. Be3 a6 5. Qd2 b5 6. h4 h5 7. O-O-O Nf6 8. f3 c6 9. Qf2 Qc7 10. Nh3 Bxh3 11. Rxh3 Nbd7 12. Kb1 O-O 13. Rg3 c5 14. dxc5 dxc5 15. Rg5 e6 16. g4 b4 17. Na4 hxg4 18. Nxc5 Nxc5 19. Rxc5 Qb7 20. Bd3 gxf3 21. Qxf3 Rad8 22. Rg1 b3 23. axb3 Rxd3 24.
cxd3 Nd7 25. Rcg5 Qxb3 26. Bc1 Ne5 27. Qd1 Qxd3+ 28. Qxd3 Nxd3 29. h5 Nxc1 30. Kxc1 Bh6 31. hxg6 f6 32. g7 Rf7 33. Kc2 Bxg5 34. Rd1 Kxg7 35.
Rd6 f5 36. Rxe6 f4 37. Kd1 f3 38. Ke1 Bh4+ 39. Kf1 Rd7 40. Kg1 Rd1+ 41. Kh2 f2 0-1

[Event "Early-Titled-Tuesday-Blitz-February-06-2024"]
[Site "Chess.com"]
[Date "2024.02.06"]
[Round "2"]
[White "SnekkerAndersen"]
[Black "spaski2004"]
[Result "1-0"]
[WhiteElo "2651"]
[BlackElo "2955"]
[TimeControl "180+1"]
[EndTime "8:17:24 PST"]
[Termination "SnekkerAndersen won on time"]

1. d4 a6 2. e4 e6 3. f4 d5 4.
e5 c5 5. Nf3 Nc6 6. c3 b5 7. Be3 Qb6 8. Bd3 f6 9. O-O Nh6 10. Kh1 Nf7 11. Re1 f5 12. a3 a5 13.
Nbd2 c4 14. Bc2 a4 15. h3 h5 16. Nh4 Qd8 17. Ng6 Rh6 18. Nxf8 Kxf8 19. Nf3 Ne7 20. Bf2 Ng6 21. Qd2 Rh8 22. Kg1 Nh6 23. Kf1 Nf7 24. Ke2 h4 25. Rg1 Bd7 26. g3 Be8 27. gxh4 Nxh4 28.
Nxh4 Rxh4 29. Bxh4 Qxh4 30. Qe3 Nh6 31. Qg3 Qh5+ 32.
Ke3 Ra7 33. Rg2 Ng8 34. Rag1 g6 35. Bd1 Qh6 36. h4 Rh7 37. h5 Ne7 38. Rh2 gxh5 39. Rgh1 Rg7 40. Qf2 Rg4 41. Rh4 Qg7 42. R1h2 Bg6 43.
Rxh5 Bxh5 44. Rxh5 Rg3+ 45. Bf3 Rg6 46. Qh2 Ng8 47. Qh4 1-0

[Event "Early-Titled-Tuesday-Blitz-February-06-2024"]
[Site "Chess.com"]
[Date "2024.02.06"]
[Round "2"]
[White "maciek_92"]
[Black "Squirlolz"]
[Result "1-0"]
[WhiteElo "2805"]
[BlackElo "2562"]
[TimeControl "180+1"]
[EndTime "8:17:24 PST"]
[Termination "maciek_92 won by checkmate"]

1. e4 c5 2. Nf3 d6 3. d4 cxd4 4. Nxd4 Nf6 5. Nc3 a6 6. Nb3 g6 7.
Be2 Bg7 8. g4 O-O 9. g5 Nfd7 10.
Be3 b5 11. a3 Bb7 12. Qd2 Nc6 13. h4 Nce5 14. f4 Nc4 15. Bxc4 bxc4 16. Nd4 Nc5 17.
Qg2 Qb6 18. O-O-O Rab8 19. h5 Nxe4 20. Nxe4 Qxb2+ 21. Kxb2 Bxe4+ 22. Kc1 Bxg2 23. Rh2 Be4 24. hxg6 hxg6 25. Ne2 Rb2 26. Ng3 Bf3 27. Rf1 Bg4 28. Kd2 c3+ 29. Kd3 e5 30. f5 gxf5 31. Nxf5 d5 32. Ne7# 1-0

[Event "Early-Titled-Tuesday-Blitz-February-06-2024"]
[Site "Chess.com"]
[Date "2024.02.06"]
[Round "2"]
[White "casparov00000"]
[Black "ArturoCaceres"]
[Result "0-1"]
[WhiteElo "2317"]
[BlackElo "2515"]
[TimeControl "180+1"]
[EndTime "8:17:24 PST"]
[Termination "ArturoCaceres won by checkmate"]

1. e4 c5 2. c3 b6 3. d4 cxd4 4. cxd4 Bb7 5. Bd3 d5 6. e5 Qd7 7.
Nf3 Ba6 8. O-O e6 9. Nc3 Bxd3 10.
Qxd3 Ne7 11. a4 Nbc6 12. Nb5 Ng6 13. h4 h5 14. Bg5 a6 15. Nc3 Bb4 16. Ne1 Na5 17.
Nc2 Be7 18. f4 Nxh4 19. Bxh4 Bxh4 20. f5 Be7 21. Rf3 exf5 22. Rxf5 g6 23. e6 fxe6 24. Re5 Kf7 25. Rf1+ Kg7 26. Qh3 Rhf8 27. Rfe1 Rf5 28. Rxe6 Bf6 29. Qg3 Rf8 30. Rd6 Qc7 31. Re3 Nc4 32.
Nxd5 Qxd6 33. Re5 Bxe5 34. dxe5 Qxd5 35. e6 Qxe6 36. Nd4 Rf1+ 37. Kh2 Qe5 38. Qxe5+ Nxe5 39. Ne6+ Kg8 40. Nxf8 Rxf8 41. Kg3 a5 42. Kh4 Kg7 43.
Kg5 Rc8 44. b3 Rd8 45. b4 Rd4 46. bxa5 Rg4# 0-1

[Event "Early-Titled-Tuesday-Blitz-February-06-2024"]
[Site "Chess.com"]
[Date "2024.02.06"]
[Round "2"]
[White "M1711"]
[Black "Sanan_Sjugirov"]
[Result "1-0"]
[WhiteElo "2660"]
[BlackElo "2992"]
[TimeControl "180+1"]
[EndTime "8:17:25 PST"]
[Termination "M1711 won on time"]

1. e4 c5 2. Nf3 d6 3. d4 cxd4 4.
Nxd4 Nf6 5. Nc3 a6 6. Rg1 h5 7. h3 e5 8. Nb3 Be6 9. Bg5 Nbd7 10. g4 hxg4 11. hxg4 Be7 12. Be2 g6 13. Be3 Rc8 14. g5 Nh5 15. Bg4 Nb6 16. Na5 Qc7 17. Bxe6 fxe6 18. Qg4 Ng7 19. O-O-O Na4 20. Nb3 Nxb2 21.
Bd2 Nxd1 22. Rxd1 d5 23. exd5 exd5 24. Na1 Rd8 25. Qf3 Qc6 26. Qe2 1-0

[Event "Early-Titled-Tuesday-Blitz-February-06-2024"]
[Site "Chess.com"]
[Date "2024.02.06"]
[Round "2"]
[White "Talent-OF-Slovenia"]
[Black "lluiss"]
[Result "1-0"]
[WhiteElo "2438"]
[BlackElo "2144"]
[TimeControl "180+1"]
[EndTime "8:17:25 PST"]
[Termination "Talent-OF-Slovenia won on time"]

1. e4 e6 2. d4 d5 3. Nd2 Nf6 4. e5 Nfd7 5. Ngf3 b6 6. c3 Ba6 7.
Bxa6 Nxa6 8. O-O Be7 9. Re1 c5 10. Nf1 Nab8 11. g3 Nc6 12. h4 h5 13. Bf4 g6 14.
Ne3 Kf8 15. Qe2 Kg7 16. Rad1 c4 17. b3 b5 18. b4 a5 19. a3 axb4 20. axb4 Nb6 21.
Ng5 Qd7 22. Kg2 Ra3 23. Qc2 Rha8 24. Qb1 Rxc3 25. g4 Nxb4 26. gxh5 Nd3 27. Bg3 Rb3 28.
Qc2 Rb2 29. Qc3 Na4 30. h6+ Kxh6 31. Rxd3 Nxc3 32. Rxc3 b4 33. Ng4+ Kg7 34. Rf3 Bxg5 35. hxg5 c3 36. Nf6 Qb7 37. Rh1 Rh8 38. Rxh8 Kxh8 39.
Bf4 Kg7 40. Rh3 1-0

[Event "Early-Titled-Tuesday-Blitz-February-06-2024"]
[Site "Chess.com"]
[Date "2024.02.06"]
[Round "2"]
[White "YurasovMat-2012"]
[Black "NikoTheodorou"]
[Result "0-1"]
[WhiteElo "2666"]
[BlackElo "3068"]
[TimeControl "180+1"]
[EndTime "8:17:26 PST"]
[Termination "NikoTheodorou won on time"]

1. e4 b6 2. Nf3 Bb7 3. Nc3 d6 4.
d4 Nd7 5. Bc4 e6 6. O-O g6 7.
Qe2 a6 8. a3 Bg7 9. Rd1 Ne7 10.
h3 O-O 11. Bf4 h6 12. Bh2 g5 13. Bd3 Ng6 14. Qe1 Kh8 15. Ne2 f5 16. Ng3 g4 17. exf5 gxf3 18. fxg6 fxg2 19. Qxe6 Nf6 20.
Nf5 Bc8 21. Qe2 Bxf5 22. Bxf5 Nd5 23. Be4 c6 24. Bxg2 Qh4 25. Qd2 Nf4 26. Bxf4 Rxf4 27. c3 Raf8 28. Rf1 R8f6 29. Rae1 Rxg6 30. Re8+ Kh7 31. Qd3 Qg5 32. Qg3 Qf5 33. Qe3 Qg5 34. Qg3 Qf5 35. Qe3 Qd5 36. f3 Rxd4 37. Re7 Rd3 38.
Qe2 Rd2 0-1

[Event "Early-Titled-Tuesday-Blitz-February-06-2024"]
[Site "Chess.com"]
[Date "2024.02.06"]
[Round "2"]
[White "TregubovP"]
[Black "Laico"]
[Result "1-0"]
[WhiteElo "2690"]
[BlackElo "2389"]
[TimeControl "180+1"]
[EndTime "8:17:26 PST"]
[Termination "TregubovP won on time"]

1. e4 e6 2. d4 d5 3. exd5 exd5 4. Nf3 Nc6 5. h3 Bf5 6. Bd3 Qd7 7. O-O O-O-O 8. c3 f6 9. b4 g5 10.
Bxf5 Qxf5 11. Nfd2 h5 12. Nb3 Nh6 13. b5 Ne7 14.
Nc5 Ng6 15. Qd3 Bxc5 16. Qxf5+ Nxf5 17. dxc5 d4 18. cxd4 Nxd4 19. Nc3 Nf4 20. Bxf4 gxf4 21. Rae1 f3 22. g3 h4 23. Kh2 hxg3+ 24. fxg3 f5 25.
Re5 Rxh3+ 26. Kg1 Rxg3+ 27. Kf2 f4 28. Rd1 Rg2+ 29. Kf1 Rc2 30. Ne4 Rh8 31. Nd2 Rh2 32. Re4 Rcxd2 33. Rxd2 Rxd2 34. Rxf4 1-0

[Event "Early-Titled-Tuesday-Blitz-February-06-2024"]
[Site "Chess.com"]
[Date "2024.02.06"]
[Round "2"]
[White "snowlord"]
[Black "TimGrutter03"]
[Result "1-0"]
[WhiteElo "2873"]
[BlackElo "2595"]
[TimeControl "180+1"]
[EndTime "8:17:27 PST"]
[Termination "snowlord won by resignation"]

1. e4 c5 2. Nf3 d6 3. c3 Nf6 4. Be2 g6 5. O-O Bg7 6. Bb5+ Bd7 7. Bxd7+ Nbxd7 8. Re1 e5 9. d4 O-O 10. dxe5 Nxe5 11. Nxe5 dxe5 12. Nd2 b5 13. a4 a6 14. Qe2 Qb6 15. Nf3 Rfe8 16. axb5 axb5 17. Rxa8 Rxa8 18. Nxe5 Re8 19. f4 c4+ 20. Be3 Qb7 21. Bd4 Nd7 22.
Nf3 Bxd4+ 23. cxd4 Qc6 24. h3 b4 25. Ne5 Nxe5 26. fxe5 c3 27. Rc1 Rc8 28. bxc3 bxc3 29. d5 Qb6+ 30. Qf2 Qb8 31. Qf6 Qb2 32. Rf1 Rf8 33.
e6 Qb7 34. e7 Qa7+ 35. Kh1 1-0

[Event "Early-Titled-Tuesday-Blitz-February-06-2024"]
[Site "Chess.com"]
[Date "2024.02.06"]
[Round "2"]
[White "YoreDea"]
[Black "Franmu14"]
[Result "0-1"]
[WhiteElo "2531"]
[BlackElo "2741"]
[TimeControl "180+1"]
[EndTime "8:17:27 PST"]
[Termination "Franmu14 won on time"]

1. d4 d5 2. Nf3 Nf6 3. c4 e6 4. g3 Nbd7 5. Bg2 Ne4 6. O-O c6 7.
Nbd2 f5 8. Nxe4 fxe4 9. Ng5 Nf6 10. f3 exf3 11. exf3 h6 12. Nh3 c5 13. cxd5 Qxd5 14.
Nf4 Qxd4+ 15. Qxd4 cxd4 16. Ng6 Rg8 17. Nxf8 Rxf8 18. Rd1 Bd7 19. f4 O-O-O 20. Rxd4 Bc6 21. Be3 Nd5 22. Bd2 Nb6 23. Rxd8+ Rxd8 24. Bc3 g6 25. Bxc6 bxc6 26. Re1 Kd7 27. Kg2 Nd5 28. Be5 c5 29. Rc1 Rc8 30. b3 h5 31. Kf3 Nb4 32. Rd1+ Nd5 33. Rc1 Rc6 34. h3 Nb4 35. Rd1+ Ke7 36. a3 Nd5 37. Rd3 c4 38. bxc4 Rxc4 39. Rb3 Ra4 40.
Bb2 Kd6 41. Be5+ Kc5 42. Bb2 h4 43. gxh4 Rxf4+ 44. Kg3 Re4 45. Rb7 Re2 46. Bh8 Re3+ 47. Kg4 Rxa3 48. Rg7 Ra2 49. Rxg6 Rg2+ 50. Kh5 Nf4+ 51.
Kh6 Rxg6+ 52. Kh7 Rg2 53. h5 Nxh5 0-1

[Event "Early-Titled-Tuesday-Blitz-February-06-2024"]
[Site "Chess.com"]
[Date "2024.02.06"]
[Round "2"]
[White "KnightmareJoker"]
[Black "ferdipy"]
[Result "1-0"]
[WhiteElo "2149"]
[BlackElo "2417"]
[TimeControl "180+1"]
[EndTime "8:17:27 PST"]
[Termination "KnightmareJoker won by checkmate"]

1. e4 e6 2. d4 d5 3. Nc3 Bb4 4. e5 c5 5. a3 Bxc3+ 6. bxc3 Ne7 7. Nf3 Qa5 8. Bd2 Qa4 9. Qb1 c4 10. h4 Nbc6 11. h5 h6 12. Nh4 b6 13. g4 Bd7 14.
Qb2 O-O-O 15. Rb1 f6 16. f4 fxe5 17. dxe5 Rhf8 18. Bh3 d4 19. O-O Nd5 20. f5 Nxe5 21. cxd4 Nc6 22. Ng6 Rfe8 23. g5 exf5 24. Bxf5 Bxf5 25.
Rxf5 Ne3 26. Bxe3 Rxe3 27. c3 Rde8 28. Qg2 R8e4 29. Rf8+ Kb7 30. Rf7+ Ka6 31. Nf4 hxg5 32. Nd5 Nd8 33. Nc7+ Ka5 34. Rf5+ b5 35. Rfxb5+ Qxb5 36.
Rxb5+ Ka4 37. Qc2+ Kxa3 38. Qb2+ Ka4 39. Qb4# 1-0

[Event "Early-Titled-Tuesday-Blitz-February-06-2024"]
[Site "Chess.com"]
[Date "2024.02.06"]
[Round "2"]
[White "Yan_Dyomin2010"]
[Black "Vladimir_Zakhartsov"]
[Result "1-0"]
[WhiteElo "2597"]
[BlackElo "2823"]
[TimeControl "180+1"]
[EndTime "8:17:28 PST"]
[Termination "Yan_Dyomin2010 won by checkmate"]

1. e4 c5 2. Nf3 d6 3. d4 Nf6 4.
Nc3 cxd4 5. Qxd4 Bd7 6. Bc4 Nc6 7. Qd3 g6 8. Bg5 Bg7 9. Bb3 O-O 10. O-O-O Qa5 11.
Kb1 Rac8 12. Bd2 Qc7 13. Nd5 Nxd5 14. exd5 Na5 15. Nd4 Nxb3 16. axb3 Qc5 17. Bc3 Qxd5 18. Qe3 Qxg2 19. Qxe7 Bg4 20. Rhg1 Qh3 21. Rd3 Qh5 22. Qxb7 a5 23. Rdg3 Bxd4 24. Bxd4 Bf5 25. Bc3 Qe2 26. Rc1 Qxf2 27. Rf3 Qg2 28. Qd5 Rc5 29. Qd4 Re5 30. Rxf5 gxf5 31. Rg1 Qg6 32. Rxg6+ hxg6 33. Qxd6 Re6 34.
Qd4 f6 35. Qd5 Re8 36. Bxf6 Kf7 37. Bd4 Re7 38. c3 f4 39. Qf3 g5 40. Qh5+ Kf8 41.
Qxg5 Rf7 42. Qd8+ Re8 43. Bc5+ Kg7 44. Qxe8 f3 45. Bd4+ Kg6 46. Qxf7+ Kh6 47. Be3# 1-0

[Event "Early-Titled-Tuesday-Blitz-February-06-2024"]
[Site "Chess.com"]
[Date "2024.02.06"]
[Round "2"]
[White "maurovargas01"]
[Black "Chernyavsky_A"]
[Result "0-1"]
[WhiteElo "1880"]
[BlackElo "2406"]
[TimeControl "180+1"]
[EndTime "8:17:28 PST"]
[Termination "Chernyavsky_A won on time"]

1. e4 c5 2. Nc3 Nc6 3. Bb5 Nd4 4. Bc4 e6 5. a4 Ne7 6. d3 g6 7. Nb1 Bg7 8. c3 Ndc6 9. f4 d5 10. exd5 exd5 11. Bb3 O-O 12. Nf3 d4 13. O-O Nf5 14. Na3 dxc3 15. bxc3 Bxc3 16. Rb1 Nb4 17. Nc4 Qxd3 18. Nce5 Qxb1 19. Ng5 Bd4+ 20. Kh1 Bxe5 21. fxe5 Qd3 22. Bb2 c4 23. Qxd3 Nxd3 24. Bxc4 Nxb2 25.
Bb3 Nd3 26. g4 Nxe5 27. gxf5 Bxf5 28. Re1 h6 29. Rxe5 hxg5 30. Re1 Rfe8 31. Rc1 Rac8 0-1

[Event "Early-Titled-Tuesday-Blitz-February-06-2024"]
[Site "Chess.com"]
[Date "2024.02.06"]
[Round "2"]
[White "HansOnTwitch"]
[Black "banhgiahuy2606"]
[Result "1-0"]
[WhiteElo "3193"]
[BlackElo "2672"]
[TimeControl "180+1"]
[EndTime "8:17:29 PST"]
[Termination "HansOnTwitch won by checkmate"]

1. e4 e6 2. d4 d5 3. Nc3 Nf6 4. e5 Nfd7 5. f4 c5 6. Nf3 Nc6 7. Be3 Qb6 8. a3 cxd4 9. Nxd4 Bc5 10. Ncb5 a6 11. b4 axb5 12. bxc5 Qxc5 13. Qd3 Nxd4 14.
Bxd4 Qc6 15. Qe3 b6 16. Bd3 Nc5 17. O-O O-O 18. Rf3 Nxd3 19. cxd3 b4 20. axb4 Rxa1+ 21. Bxa1 Qa4 22. Bc3 Qc2 23. Bd4 Qb1+ 24. Rf1 Qxb4 25. Bxb6 Qb5 26. Bc5 Re8 27. h3 Ba6 28. Rf3 Rc8 29.
d4 Qb1+ 30. Kh2 Qe4 31. Qf2 g6 32. Qh4 Be2 33. Rf2 Bd3 34. Ra2 Qe3 35. Ra7 Rxc5 36.
Ra8+ Kg7 37. Qf6+ Kh6 38. Rg8 Rc1 39. Qg5# 1-0

[Event "Early-Titled-Tuesday-Blitz-February-06-2024"]
[Site "Chess.com"]
[Date "2024.02.06"]
[Round "2"]
[White "RichardLeyvaP"]
[Black "ReinisUz"]
[Result "1-0"]
[WhiteElo "2545"]
[BlackElo "2351"]
[TimeControl "180+1"]
[EndTime "8:17:29 PST"]
[Termination "RichardLeyvaP won by resignation"]

1. e4 c5 2. Nf3 Nc6 3. d4 cxd4 4. Nxd4 g6 5. Nc3 Bg7 6. Nb3 Nf6 7. Be2 O-O 8. O-O a5 9. a4 d6 10. Re1 Bd7 11.
Bf1 Nb4 12. Nd5 Nfxd5 13. exd5 Re8 14. c3 Na6 15. Bg5 Qb6 16. Be3 Nc5 17. Ra3 Rac8 18. Nxc5 dxc5 19. Rb3 Qc7 20. Bb5 Bxb5 21. Rxb5 b6 22.
Qb3 Rb8 23. Qc4 Qd7 24. Rd1 Be5 25. h3 Bd6 26. Qe4 e6 27. dxe6 Rxe6 28. Qd5 Qc7 29. Qc4 Rd8 30. Rf1 Qc6 31. Qb3 Bc7 32. c4 Rde8 33. Qc2 Qd6 34. g3 Rxe3 35. fxe3 Qxg3+ 36. Qg2 Qxe3+ 37. Qf2 Qxf2+ 38. Rxf2 Be5 39. Kf1 Re6 40. Re2 f5 41. Rb3 Kf7 42. Rd3 Bd4 43. Rxe6 Kxe6 44. Rb3 Ke5 45. Rxb6 Kf4 46. Rb5 g5 47. Rxa5 g4 48.
hxg4 fxg4 49. Ra8 h5 50. Rf8+ Kg5 51. a5 h4 52. a6 g3 53. Kg2 Kg4 54. Rg8+ Kf4 55. a7 1-0

[Event "Early-Titled-Tuesday-Blitz-February-06-2024"]
[Site "Chess.com"]
[Date "2024.02.06"]
[Round "2"]
[White "OrtizAnahi2001"]
[Black "platy3"]
[Result "0-1"]
[WhiteElo "2614"]
[BlackElo "2921"]
[TimeControl "180+1"]
[EndTime "8:17:30 PST"]
[Termination "platy3 won by resignation"]

1. d4 Nf6 2. c4 e6 3. Nf3 Bb4+ 4. Nbd2 O-O 5. a3 Be7 6. e3 c5 7. Bd3 cxd4 8. exd4 d5 9. O-O Nc6 10. c5 a5 11. b3 b6 12. cxb6 Qxb6 13. Bb2 Ba6 14. Qe2 Bxd3 15. Qxd3 Rfc8 16. Rac1 Bd6 17. h3 h6 18. Rc2 Rc7 19. Rfc1 Rac8 20. Ne5 Ne7 21. Rxc7 Rxc7 22. Rxc7 Qxc7 23. Ndf3 Ne4 24. Nd2 f6 25. Nef3 Qc6 26. Nf1 g5 27. N3d2 Ng6 28. Nxe4 dxe4 29. Qc4 Qxc4 30. bxc4 Nf4 31. Ne3 a4 32. c5 Bc7 33.
Kf1 Kf7 34. Nc4 Nd5 35. g3 Ke7 36. Ke2 Kd7 37. Bc1 Kc6 38. h4 Kb5 39. Nb2 gxh4 40. gxh4 h5 41. Bh6 f5 42. Bf8 Bd8 43. c6 Bxh4 44.
Bc5 Bd8 45. f3 h4 46. fxe4 fxe4 47. Kf2 Bc7 48. Nd1 h3 0-1